 Dungeon Crawl Stone Soup version 0.31-a0-246-g8cbcc1cb85 (webtiles) character file.

Game seed: 5712274121824019571

30 promet the Sneak (level 3, 0/25 HPs)
             Began as an Octopode Brigand on July 13, 2023.
             Hit by a goblin thrown by Robin (2 damage)
             ... on level 2 of the Dungeon.
             The game lasted 00:03:38 (1165 turns).

promet the Sneak (Octopode Brigand)                 Turns: 1165, Time: 00:03:38

Health: 0/25       AC:  1    Str: 12    XL:     3   Next: 20%
Magic:  3/3        EV: 12    Int: 13    God:
Gold:   50         SH:  0    Dex: 13    Spells: 2/2 levels left

rFire   . . .        a - +2 dagger
rCold   . . .        (no shield)
rNeg    . . .        (helmet restricted)
rPois   .            (no amulet)
rElec   .            h - ring of resist corrosion
rCorr   +            j - ring of see invisible
SInv    +            (no ring)
Will    .....        (no ring)
Stlth   ++++         (no ring)
HPRegen 0.24/turn    (no ring)
MPRegen 0.08/turn    (no ring)
                     (no ring)

%: no passive effects
@: lethally poisoned (0 -> -4)
A: almost no armour, amphibious, 8 rings, camouflage 1, gelatinous body 1,
(nimble swimmer 1), tentacles
a: no special abilities


You were on level 2 of the Dungeon.
You visited 1 branch of the dungeon, and saw 2 of its levels.

You collected 50 gold pieces.

Inventory:

Hand Weapons
 a - a +2 dagger (weapon)
 b - a +0 sling
 g - a +0 spear
Missiles
 c - 3 curare-tipped darts
 e - 17 poisoned darts (quivered)
Jewellery
 h - a ring of resist corrosion (left tentacle)
 j - a ring of see invisible (right tentacle)
Scrolls
 d - 2 scrolls of identify
 i - a scroll of poison {unknown}
Potions
 f - a potion of cancellation


   Skills:
 * Level 2.3 Fighting
 + Level 2.3 Short Blades
 + Level 2.1 Throwing
 + Level 1.0 Dodging
 + Level 6.2 Stealth


You had 2 spell levels left.
You didn't know any spells.
Your spell library was empty.

Dungeon Overview and Level Annotations

Branches:
Dungeon (2/15)

Altars:

Shops:
D:1 *

Annotations:
D:2 Robin


Innate Abilities, Weirdness & Mutations

You cannot wear most types of armour.
You are amphibious.
You can wear up to eight rings at the same time.
Your skin changes colour to match your surroundings (Stealth+).
Your rubbery body absorbs attacks. (AC +1, EV +1)
((You are camouflaged when in or above water. (Stealth+)))
You have tentacles for arms and can constrict up to eight enemies at once.


Message History

The goblin hits you with a +0 dagger.
You hit the goblin.
You kill the goblin!
You miss the adder. Your grab misses the adder. Your squeeze misses the adder.
The adder barely misses you.
Robin of the Strong Arm comes into view.
They are wielding a +0 spear.
The adder bites you but does no damage.
You closely miss the adder.
Robin shouts!
Your grab misses the adder. The adder barely misses you.
Robin roars a battlecry!
The goblin goes into a battle-frenzy!
You hit the adder. Your grab misses the adder. Your squeeze misses the adder.
The adder is heavily wounded.
The adder bites you.
You are poisoned.
The adder poisons you!
You hit the adder. You grab the adder. You squeeze the adder.
You kill the adder!
* * * LOW HITPOINT WARNING * * *
You feel sick.
Robin says, "Kneel, worm!"
You have reached level 3!
Your experience leads to an increase in your attributes!
Increase (S)trength, (I)ntelligence, or (D)exterity?
You feel stronger. x2
You barely miss the goblin. Your grab misses the goblin.
You feel sick. The goblin hits you with a +0 dagger.
* * * LOW HITPOINT WARNING * * *
A goblin comes into view. It is wielding a +0 dagger.
Okay, then.
You hit the goblin. You grab the goblin.
The goblin is severely wounded.
You constrict the goblin.
You kill the goblin!
* * * LOW HITPOINT WARNING * * *
You feel sick.
A goblin comes into view. It is wielding a +0 club.
Robin throws the goblin at you!
You die...

..####.....###
...........># #....g[.#
#.......# #.......#
##.......#
#............
#g###......... ######
#@# #.........
#....#####.# #.........
##.#.#.....# #.........
#..#.#.##### #.........
#....#.# g......
###..#.# ...... #..#.#
#####.#.... #..#.#
#..........
##...########..........


You could see Robin and a goblin (wandering, strong).

Vanquished Creatures
  An adder (D:2)
  5 bats
  An endoplasm (D:2)
  2 giant cockroaches
  5 goblins
  3 quokkas (D:1)
  A ball python (D:1)
  3 rats (D:1)
21 creatures vanquished.

Notes
Turn   | Place    | Note
-------+----------+-------------------------------------------
     0 | D:1      | promet the Octopode Brigand began the quest for the Orb.
     0 | D:1      | Reached XP level 1. HP: 14/14 MP: 1/1
   374 | D:1      | Reached XP level 2. HP: 19/19 MP: 2/2
   654 | D:1      | Found Lima's Assorted Antiques.
  1043 | D:2      | Found a faded altar of an unknown god.
  1157 | D:2      | Reached skill level 6 in Stealth
  1160 | D:2      | Noticed Robin
  1164 | D:2      | Reached XP level 3. HP: 7/25 MP: 3/3
  1165 | D:2      | Hit by a goblin thrown by Robin

Illustrated notes

Levels and vault maps discovered:
D:1:      psy_arrival_whirlpool, layout_loops_ring, serial_shops, shop,
          minmay_hedge_maze
D:2:      layout_basic, basic_ecumenical_altar, uniq_crazy_yiuf_cottage,
          uniq_robin

Skill      XL: |  1  2 |
---------------+-------+-----
Stealth        | 6 |  6.2
Fighting       | |  2.3
Short Blades   | |  2.3
Throwing       | |  2.1
Dodging        | |  1.0

Action                     || total
---------------------------++-------
  Melee: Dagger            ||    44
         Tentacles         ||    10
         Constrict         ||     9
         Punch             ||     1
    Use: Scroll            ||     1
   Stab: Sleeping          ||     6
 Armour: Skin              ||     6
  Dodge: Dodged            ||    30

Table legend: (Time is in decaauts)
 A = Elapsed time spent in this place.
 B = Non-inter-level travel time spent in this place.
 C = Inter-level travel time spent in this place.
 D = Time resting spent in this place.
 E = Time spent auto-exploring this place.
 F = Levels seen in this place.
 G = Mean time per level.
                   A        B        C        D        E       F      G
               +--------+--------+--------+--------+--------+-----+--------+
         Total |   1158 |   1130 |     28 |    244 |    586 |   2 |  579.0 |
       Dungeon |   1158 |   1130 |     28 |    244 |    586 |   2 |  579.0 |
               +--------+--------+--------+--------+--------+-----+--------+

Top non-repeatable levels by time:
     D:1: 1039 daAuts
     D:2: 119 daAuts
